 Dungeon Crawl Stone Soup version 0.30-a0-603-g51a0fb1b98 (webtiles) character file.

Game seed: 307502573296593420

76 Leeroy the Ruffian (level 4, -3/35 HPs)
             Began as a Draconian Transmuter on Jan 7, 2023.
             Slain by Robin
             ... wielding a +0 trident
              (7 damage)
             ... on level 3 of the Dungeon.
             The game lasted 00:03:15 (1469 turns).

Leeroy the Ruffian (Draconian Transmuter)           Turns: 1469, Time: 00:03:15

Health: -3/35      AC:  5    Str: 14    XL:     4   Next: 12%
Magic:  5/7        EV: 12    Int: 13    God:
Gold:   94         SH:  0    Dex: 12    Spells: 1/7 levels left

rFire   . . .      SeeInvis .      - Unarmed
rCold   . . .      Faith    .    (no shield)
rNeg    . . .      Spirit   .    (body armour unavailable)
rPois   .          Reflect  .    (helmet restricted)
rElec   .          Harm     .    (no cloak)
rCorr   .          Rampage  .    (no gloves)
Will    .....                    (no boots)
Stlth   +                        (no amulet)
HPRegen 0.25/turn                (no ring)
MPRegen 0.10/turn                (no ring)

@: wereblooded
A: AC +5, unfitting armour, cold-blooded
a: no special abilities


You were on level 3 of the Dungeon.
You visited 1 branch of the dungeon, and saw 3 of its levels.

You collected 94 gold pieces.

Inventory:

Missiles
 j - 3 poisoned darts
 l - 5 atropa-tipped darts
Scrolls
 b - a scroll of noise {unknown}
 d - a scroll of acquirement {unknown}
 e - a scroll of poison {unknown}
 f - a scroll of enchant weapon {unknown}
 h - a scroll of enchant armour {unknown}
 i - a scroll of amnesia {unknown}
Potions
 a - a potion of lignification
 c - a potion of magic {unknown}
 g - a potion of might {unknown}
 k - a potion of attraction {unknown}
 m - a potion of invisibility {unknown}


   Skills:
 - Level 1.1 Fighting
 - Level 1.7 Dodging
 + Level 5.0 Unarmed Combat
 - Level 2.0 Spellcasting
 - Level 2.0 Transmutations


You had one spell level left.
You knew the following spells:

 Your Spells              Type           Power      Damage    Failure   Level
a - Beastly Appendage     Tmut           12%        N/A       11%         1
b - Wereblood             Tmut           6%         N/A       17%         2
c - Spider Form           Tmut/Pois      3%         N/A       45%         3

Your spell library contained the following spells:

 Spells                   Type           Power      Damage    Failure   Level
 Blink                    Tloc           2%         N/A       36%         2
 Momentum Strike          Conj/Tloc      2%         3d8       36%         2
 Lesser Beckoning         Tloc           2%         N/A       58%         3
 Ice Form                 Ice/Tmut       3%         N/A       86%         4


Dungeon Overview and Level Annotations

Branches:
Dungeon (3/15)

Altars:
Uskayaw

Annotations:
D:3 Ijyb, Robin


Innate Abilities, Weirdness & Mutations

Your plain brown scales are hard. (AC +5)
You cannot fit into any form of body armour.
You are cold-blooded and may be slowed by cold attacks.


Message History

You barely miss the goblin.
The goblin is moderately wounded.
Robin hits you from afar with a +0 trident.
The goblin hits you with a +0 dagger. The hobgoblin barely misses you.
You hit the goblin.
You feel a bit better.
You kill the goblin!
Robin closely misses you.
The hobgoblin hits you but does no damage.
Things that are here:
a +0 dagger; a goblin corpse You completely miss the hobgoblin.
The hobgoblin is moderately wounded.
Robin barely misses you. The hobgoblin closely misses you.
You hit the hobgoblin.
You feel a bit better.
You kill the hobgoblin!
Robin hits you from afar with a +0 trident.
Your life force feels restored.
Robin completely misses you. Robin barely misses you.
Things that are here:
a +2 dagger of draining; a +0 dagger; a goblin corpse You hit Robin.
Robin is moderately wounded.
You barely miss Robin.
Your tail-slap misses Robin.
Robin is moderately wounded.
Robin closely misses you.
You closely miss Robin. You punch Robin, but do no damage.
Robin is moderately wounded.
You howl as the wereblood boils in your veins!
Robin hits you with a +0 trident!
* * * LOW HITPOINT WARNING * * *
You hit Robin but do no damage.
Robin is moderately wounded.
Robin hits you with a +0 trident.
* * * LOW HITPOINT WARNING * * *
You completely miss Robin.
Your tail-slap misses Robin.
Robin is moderately wounded.
You howl as the wereblood boils in your veins!
Robin hits you with a +0 trident!
You die...

##...## ##.....##
##.......##
#.........###
+.........'.
#.........# #.......#
#.....# #.# ##)@g##
#.########'#####
#.........)....#
..######.#.###.# #.#
#.#.## ##
#.######...^##
#...##.##)........#.#
#...<.))......>...#
#...########.##......


You could see Robin.

Vanquished Creatures
  2 adders (D:2)
  A worm (D:2)
  3 dart slugs
  3 ball pythons
  4 bats
  3 endoplasms
  A giant cockroach (D:1)
  11 goblins
  4 hobgoblins
  5 jackals
  A frilled lizard (D:1)
  6 kobolds (D:1)
  3 rats
47 creatures vanquished.

Notes
Turn   | Place    | Note
-------+----------+-------------------------------------------
     0 | D:1      | Leeroy the Draconian Transmuter began the quest for the
                  | Orb.
     0 | D:1      | Reached XP level 1. HP: 16/16 MP: 3/3
   176 | D:1      | Reached XP level 2. HP: 23/23 MP: 3/5
   382 | D:1      | Reached skill level 4 in Unarmed Combat
   669 | D:2      | Reached XP level 3. HP: 27/28 MP: 6/6
   674 | D:2      | Found a hide-covered altar of Uskayaw.
  1189 | D:2      | Found a faded altar of an unknown god.
  1364 | D:2      | Learned a level 2 spell: Wereblood
  1368 | D:2      | Learned a level 3 spell: Spider Form
  1414 | D:3      | Noticed Ijyb
  1434 | D:3      | Reached XP level 4. HP: 35/35 MP: 3/7
  1443 | D:3      | Noticed Robin
  1451 | D:3      | Reached skill level 5 in Unarmed Combat
  1469 | D:3      | Slain by Robin

Illustrated notes

Levels and vault maps discovered:
D:1:      minmay_arrival_arboretum_small, layout_rooms, st_stairs_14,
          solitary_fountain
D:2:      layout_basic, dreamdust_ecumenical_altar_statues, basic_altar
D:3:      layout_loops_corners, fedhas_altar_1, minitemple, uniq_robin,
          uniq_ijyb, uniq_terence

Skill      XL: |  1  2  3  4 |
---------------+-------------+-----
Unarmed Combat | 4 5 |  5.0
Fighting       | |  1.1
Dodging        | |  1.7
Spellcasting   | |  2.0
Transmutations | |  2.0

Action                   |  1- 3 |  4- 6 || total
-------------------------+-------+-------++-------
Melee: Unarmed           |   138 |    23 ||   161
       Headbutt          |     6 |       ||     6
       Kick              |     5 |     1 ||     6
       Tailslap          |     8 |     3 ||    11
       Punch             |     2 |     1 ||     3
 Cast: Beastly Appendage |     9 |       ||     9
       Wereblood         |     1 |     1 ||     2
 Stab: Sleeping          |     3 |       ||     3
Armor: Skin              |    45 |    10 ||    55
Dodge: Dodged            |    99 |    24 ||   123

Table legend: (Time is in decaauts)
 A = Elapsed time spent in this place.
 B = Non-inter-level travel time spent in this place.
 C = Inter-level travel time spent in this place.
 D = Time resting spent in this place.
 E = Time spent auto-exploring this place.
 F = Levels seen in this place.
 G = Mean time per level.
                   A        B        C        D        E       F      G
               +--------+--------+--------+--------+--------+-----+--------+
         Total |   1456 |   1407 |     49 |      0 |   1064 |   3 |  485.3 |
       Dungeon |   1456 |   1407 |     49 |      0 |   1064 |   3 |  485.3 |
               +--------+--------+--------+--------+--------+-----+--------+

Top non-repeatable levels by time:
     D:2: 733 daAuts
     D:1: 655 daAuts
     D:3: 67 daAuts
